 Dungeon Crawl Stone Soup version 0.30.1-4-g462c640d31 (webtiles) character file.

Game seed: 16983003169215023837

470421 Gorgoleon the Conqueror (level 24, -2/249 HPs)
             Began as a Hill Orc Berserker on Aug 15, 2023.
             Was the Champion of Trog.
             Hit by a large rock thrown by a stone giant (45 damage)
             ... on level 4 of the Depths.
             The game lasted 04:06:51 (69872 turns).

Gorgoleon the Conqueror (Hill Orc Berserker)       Turns: 69872, Time: 04:06:52

Health: -2/249     AC: 29    Str: 33    XL:     24   Next: 34%
Magic:  23/23      EV: 17    Int:  9    God:    Trog [******]
Gold:   4347       SH:  5    Dex: 11    Spells: 23/23 levels left

rFire   + + .        h - +12 battleaxe of the Mouth {flame, Str+2}
rCold   + + .        (shield currently unavailable)
rNeg    + . .        s - +3 storm dragon scales
rPois   +            q - +2 helmet "Gogekkom" {rPois Dex+5}
rElec   +            g - scarf {rC+ rF+}
rCorr   .            S - +0 pair of gloves {hurl}
SInv    +            X - +1 pair of boots {Stlth+}
Will    +++..        i - amulet of reflection Stlth
                     V - ring "Kegor" {rF+ rN+ Will++ Dex-4 SInv}
HPRegen 0.61/turn    W - ring "Ulug" {rC+ Int+2}
MPRegen 0.18/turn

%: reflection
@: studying Maces & Flails
A: no striking features
}: 3/15 runes: barnacled, abyssal, gossamer
a: Renounce Religion, Berserk, Trog's Hand, Brothers in Arms


You were on level 4 of the Depths.
You worshipped Trog.
Trog was exalted by your worship.
You visited 9 branches of the dungeon, and saw 42 of its levels.
You visited the Abyss 1 time.
You visited 1 bazaar.
You also visited: Ice Cave and Desolation.

You collected 5247 gold pieces.
You spent 900 gold pieces at shops.

Inventory:

Hand Weapons
 h - the +12 battleaxe of the Mouth (weapon) {flame, Str+2}
   (Trog gifted it to you on level 2 of the Elven Halls)

   Str:       It affects your strength (+2).
 J - the +8 battleaxe of the Pit {heavy, Will+}
   (Trog gifted it to you on level 1 of the Depths)

   Will:      It increases your willpower.
Missiles
 c - 46 boomerangs (quivered)
 f - 24 javelins
 D - 39 poisoned darts
 F - 8 throwing nets
Armour
 b - +0 fire dragon scales
 g - a scarf of resistance (worn)
 q - the +2 helmet "Gogekkom" (worn) {rPois Dex+5}
   (You took it off Robin on level 2 of the Dungeon)

   Dex:       It affects your dexterity (+5).
   rPois:     It protects you from poison.
 s - +3 storm dragon scales (worn)
 I - a +0 kite shield of reflection
 Q - +8 gold dragon scales
 S - a +0 pair of gloves of hurling (worn)
 X - a +1 pair of boots of stealth (worn)
Jewellery
 i - an amulet of reflection (around neck)
 u - a +5 ring of evasion
 v - a ring of see invisible
 E - an amulet of guardian spirit
 M - a +6 ring of intelligence
 T - the ring of Shadows {Umbra +Inv Stlth+}
   (You found it on level 3 of the Depths)

   [ring of stealth]

   Umbra:     It surrounds you with an aura of shadow, increasing your stealth
   and reducing the accuracy of all others within it.
   +Inv:      It lets you turn invisible.
   Stlth:     It makes you more stealthy.
 U - a +4 ring of slaying
 V - the ring "Kegor" (left hand) {rF+ rN+ Will++ Dex-4 SInv}
   (You found it in the Desolation of Salt)

   [ring of positive energy]

   Dex:       It affects your dexterity (-4).
   rF:        It protects you from fire.
   rN:        It protects you from negative energy.
   SInv:      It lets you see invisible.
   Will:      It greatly increases your willpower.
 W - the ring "Ulug" (right hand) {rC+ Int+2}
   (You found it in the Desolation of Salt)

   [ring of protection from cold]

   Int:       It affects your intelligence (+2).
   rC:        It protects you from cold.
Wands
 w - a wand of light (6)
 x - a wand of mindburst (53)
 y - a wand of charming (17)
 B - a wand of flame (84)
 G - a wand of iceblast (15)
 R - a wand of digging (11)
Scrolls
 a - 3 scrolls of magic mapping
 d - 3 scrolls of enchant weapon
 k - 2 scrolls of brand weapon
 l - 27 scrolls of identify
 r - 8 scrolls of fog
 t - 6 scrolls of poison
 A - 9 scrolls of teleportation
 C - 6 scrolls of fear
 L - 3 scrolls of blinking
 P - 4 scrolls of immolation
Potions
 e - 8 potions of flight
 j - 5 potions of cancellation
 m - 5 potions of heal wounds
 o - 32 potions of curing
 p - 9 potions of resistance
 H - 2 potions of ambrosia
 K - 2 potions of haste
 N - 7 potions of might
 O - 4 potions of invisibility
Miscellaneous
 n - a lightning rod (4/4)
 z - a tin of tremorstones (2/2)


   Skills:
 O Level 27 Fighting
 - Level 20.0 Axes
 - Level 12.0 Throwing
 - Level 17.0 Armour
 + Level 20.8 Dodging
 - Level 12.0 Evocations


You had 23 spell levels left.
You didn't know any spells.
Your spell library was empty.

Dungeon Overview and Level Annotations

Branches:
Dungeon (15/15)            Temple (1/1) D:6            Lair (5/5) D:8
 Shoals (4/4) Lair:2       Spider (4/4) Lair:2        Slime (0/5) Lair:4
    Orc (2/2) D:11            Elf (3/3) Orc:2        Vaults (4/5) D:13
  Crypt (0/3) Vaults:2     Depths (4/4) D:15            Zot (0/5) Depths:4
  IceCv (visited)         Desolation (visited)

Altars:
Ashenzari
Cheibriados
Dithmenos
Elyvilon
Fedhas
Gozag
Hepliaklqana
Kikubaaqudgha
Makhleb
Nemelex Xobeh
Okawaru
Qazlal
Ru
Sif Muna
Trog
Uskayaw
Vehumet
Wu Jian
Xom
Yredelemnul
Zin
The Shining One
Jiyva

Shops:
D:3 (   D:12 *[   Orc:2 *((*   Elf:2 *   Shoals:3 ?   Vaults:1 (   Depths:2 (!

Portals:
Hell: Depths:1 Depths:2 Depths:3 Depths:4
Abyss: Depths:3
Pandemonium: Depths:2
Ziggurat: Depths:3
Trove: Elf:1 (give +5 fire dragon scales)

Annotations:
Shoals:3 1 runed translucent door, Aral's ghost, adept MiBe
Vaults:4 3 runed translucent doors, theMacoje's ghost, adept OgEn
Depths:1 2 transporters, exclusion: orange crystal statue, Gucom's ghost, veteran GnFi; WeeknightWizard's ghost, veteran DEFE
Depths:2 1 runed translucent door, Areriun's ghost, adept GnWn


Message History

The tentacled monstrosity tentacle-slaps you but does no damage. x2
You block the tentacled monstrosity's attack.
The tentacled monstrosity constricts you.
You slash the tentacled monstrosity! You burn the tentacled monstrosity.
The tentacled monstrosity is almost dead.
The tentacled monstrosity barely misses you.
The tentacled monstrosity tentacle-slaps you but does no damage.
The tentacled monstrosity barely misses you.
The tentacled monstrosity constricts you!
* * * LOW HITPOINT WARNING * * *
You slash the tentacled monstrosity! You burn the tentacled monstrosity.
The tentacled monstrosity is almost dead.
The tentacled monstrosity tentacle-slaps you.
* * * LOW HITPOINT WARNING * * *
The tentacled monstrosity tentacle-slaps you but does no damage.
The tentacled monstrosity completely misses you.
The tentacled monstrosity constricts you.
* * * LOW HITPOINT WARNING * * *
You slice the tentacled monstrosity like a ripe choko!!!
You burn the tentacled monstrosity.
You kill the tentacled monstrosity!
Trog accepts your kill.
You start resting.
You feel yourself speed up.
You start resting.
Magic restored.
You start resting.
A black draconian comes into view. It is wielding a +0 halberd.
A black draconian is nearby!
The black draconian breathes lightning at you.
The bolt of lightning hits you! You resist.
* * * LOW HITPOINT WARNING * * *
You hear a shout!
You hear a horrible gurgling sound!
You hear a shout!
You hear a horrible gurgling sound!
You hear a roar!
You hear a horrible gurgling sound!
You see here 5 stones.
A stone giant comes into view.
The stone giant shouts!
The stone giant throws a large rock.
The large rock hits you!!!
You die...

............#######..
##......................
........................
...#######..####....... #..#
#..# #....... #..# #..# #[......
#..# #..# #.......
#..#######..#######..####.......
!.........(....@......C.........
................................
#...........#####..#####..######
#...........# ##..# #..#
#...........# #...# #..#
#.......d...# #...# #..#
#.....##+##.# ##'### #..#
#.....#...#####)[.# #..#
#...###...##


You could see a stone giant.

Vanquished Creatures
  Mara (Depths:3)
  2 juggernauts
  Vv (Depths:2)
  Sojobo (Depths:1)
  Bai Suzhen (Vaults:4)
  Parghit (Depths:3)
  Margery (Vaults:3)
  Saint Roka (Elf:2)
  A caustic shrike (Depths:2)
  Nikola (Shoals:2)
  A golden dragon (Depths:2)
  Arachne (Spider:4)
  A bone dragon (Abyss:3)
  Jorgrun (Shoals:3)
  2 tentacled monstrosities
  2 liches
  3 deep elf blademasters
  2 deep elf master archers (Elf:3)
  Asterion (Vaults:3)
  2 titans
  An Executioner (Abyss:3)
  Gastronok (Lair:2)
  2 shadow dragons (Depths:4)
  4 sphinxes
  5 tengu reavers
  2 storm dragons
  A draconian monk (Depths:4)
  Donald (Spider:4)
  Ilsuiw (Shoals:3)
  A revenant (Vaults:4)
  10 frost giants
  6 fire giants
  Roxanne (D:14)
  5 deep elf sorcerers (Elf:3)
  4 ghost moths
  7 emperor scorpions
  Aizul (Shoals:1)
  Louise (Shoals:1)
  8 vault wardens
  4 imperial myrmidons (Desolation)
  An iron dragon (shapeshifter) (D:13)
  3 deep elf elementalists (Elf:3)
  A draconian stormcaller (Depths:4)
  6 ironbound preservers
  20 very ugly things
  A quicksilver ooze (shapeshifter) (Vaults:4)
  12 stone giants
  5 broodmothers
  4 deep elf demonologists
  2 green draconians (Depths:4)
  A vampire knight (Depths:4)
  5 ironbound thunderhulks
  4 deep elf annihilators
  20 dire elephants
  A yellow draconian (Depths:4)
  A white draconian (Abyss:3)
  A red draconian (Depths:4)
  9 spark wasps
  5 crystal guardians
  4 deep elf death magi (Elf:3)
  2 eidola
  6 ettins
  4 merfolk javelineers
  4 ragged hierophants (Desolation)
  4 jiangshi
  2 merfolk impalers
  5 great orbs of eyes
  3 entropy weavers
  Josephine (D:15)
  5 fire dragons
  Erolcha (D:9)
  4 deep elf high priests
  2 ice dragons
  Harold (Lair:1)
  3 great orbs of eyes (shapeshifter) (Abyss:3)
  8 yaktaur captains
  13 vault guards
  10 hydras
  6 peacekeepers
  5 merfolk avatars
  2 spriggan air magi
  A hell beast (Depths:2)
  4 radroaches
  10 servants of whispers (Desolation)
  14 ironbound frosthearts
  A catoblepas (Lair:5)
  2 rakshasas
  12 boulder beetles
  14 centaur warriors
  A death knight (D:14)
  19 death yaks
  13 satyrs
  An alligator snapping turtle (Shoals:4)
  2 merfolk aquamancers
  28 dancing weapons
  A two-headed ogre (D:10)
  5 deep troll shamans
  3 vampire magi
  5 deep troll earth magi
  3 orc high priests (Orc:2)
  6 tengu warriors
  Urug (Lair:1)
  5 hell knights (Vaults:3)
  20 deep elf knights
  3 spriggan berserkers
  4 thrashing horrors (Abyss:3)
  4 sixfirhies (Depths:2)
  3 iron trolls
  9 skysharks
  4 pharaoh ants
  A fire crab (Lair:4)
  An orb spider (shapeshifter) (Depths:2)
  2 skeletal warriors (D:14)
  A flayed ghost (Vaults:2)
  A glowing orange brain (Depths:1)
  9 sea snakes
  22 deep trolls
  Pikel (D:7)
  14 ironbound convokers
  10 lindwurms
  12 wizards
  13 orb spiders
  15 deep elf pyromancers
  8 necromancers
  16 deep elf archers
  5 steelbarb worms
  26 harpies
  6 orc knights
  6 cyclopes
  4 large abominations (Abyss:3)
  30 deep elf zephyrmancers
  19 fauns
  A harpy (shapeshifter) (Vaults:3)
  8 orc sorcerers
  A wolf spider (shapeshifter) (Depths:2)
  5 phantasmal warriors
  32 ugly things
  18 wolf spiders
  14 manticores
  4 guardian serpents
  5 elephants
  11 black mambas
  A moth of wrath (Spider:4)
  Maurice (D:9)
  2 molten gargoyles (Desolation)
  An ice statue (IceCv)
  Joseph (D:7)
  5 demonic crawlers
  3 guardian serpents (shapeshifter)
  5 water nymphs
  5 gargoyles
  A naga mage (Abyss:3)
  10 vault sentinels
  10 torpor snails
  3 orange demons
  14 cane toads
  9 merfolk sirens
  An eye of devastation (shapeshifter) (D:15)
  2 freezing wraiths
  2 kobold demonologists (Abyss:3)
  2 centaur skeletons (D:15)
  9 unseen horrors
  8 rime drakes
  12 komodo dragons
  A yaktaur zombie (Vaults:4)
  An ancient zyme (Abyss:3)
  13 yaktaurs
  An efreet (D:13)
  A human skeleton (Vaults:4)
  3 ice devils (Depths:2)
  3 tengu conjurers
  A yaktaur skeleton (Vaults:4)
  6 meliai
  6 trolls
  38 merfolk
  A hellwing (Depths:2)
  7 polar bears
  4 hornets (Spider:4)
  A red devil (Depths:2)
  Grinder (D:5)
  22 tarantellas
  43 saltlings (Desolation)
  Prince Ribbit (D:5)
  2 wind drakes
  An ettin zombie (Vaults:4)
  11 dream sheep
  17 blink frogs
  A deep troll zombie (Vaults:4)
  3 human simulacra (Vaults:4)
  5 raiju (Abyss:3)
  38 slime creatures
  Sigmund (D:2)
  A stone giant simulacrum (Vaults:4)
  29 jumping spiders
  3 air elementals
  6 snapping turtles
  5 wyverns
  A small abomination (Abyss:3)
  19 culicivoras
  A wyvern (shapeshifter) (Depths:3)
  49 yaks
  A vampire (D:10)
  15 water elementals
  10 wraiths
  A fire elemental (Elf:2)
  17 humans (D:13)
  2 basilisks
  A redback (shapeshifter) (Depths:3)
  2 steam dragons
  12 vampire mosquitoes
  53 redbacks
  3 wargs
  A naga (Abyss:3)
  An acid dragon (D:12)
  A swamp worm (shapeshifter) (Depths:4)
  13 water moccasins
  24 orc warriors
  A black bear (Lair:3)
  13 centaurs
  6 ogres
  38 wolves
  2 phantoms
  A lemure (D:7)
  3 kobold brigands (Abyss:3)
  An earth elemental (Elf:3)
  22 bullfrogs
  2 gnoll sergeants
  9 scorpions
  18 wights
  8 killer bees
  6 electric eels
  5 hounds
  2 iron imps
  10 orc priests
  Ijyb (D:3)
  4 iguanas
  4 sleepcaps
  21 orc wizards
  Terence (D:1)
  A boggart zombie (D:15)
  A boggart simulacrum (D:15)
  Robin (D:2)
  14 gnolls
  7 adders
  12 white imps (Lair:2)
  A worm (D:3)
  3 dart slugs
  81 orcs
  7 ball pythons
  3 bats
  9 endoplasms
  11 giant cockroaches
  18 goblins
  13 hobgoblins
  5 jackals (D:1)
  11 quokkas
  2 frilled lizards (D:1)
  18 kobolds
  6 rats
  A lurking horror (Abyss:3)
  A spectral weapon (Vaults:3)
1824 creatures vanquished.

Vanquished Creatures (others)
  An entropy weaver (Spider:4)
  An ice dragon (Depths:2)
  A deep elf pyromancer (Elf:3)
  A deep elf zephyrmancer (Elf:1)
  A lurking horror (Abyss:3)
5 creatures vanquished.

Grand Total: 1829 creatures vanquished

Notes
Turn   | Place    | Note
-------+----------+-------------------------------------------
     0 | D:1      | Gorgoleon the Hill Orc Berserker began the quest for the
                  | Orb.
     0 | D:1      | Reached XP level 1. HP: 19/19 MP: 1/1
    55 | D:1      | Reached XP level 2. HP: 23/27 MP: 2/2
   216 | D:1      | Reached skill level 5 in Axes
   394 | D:1      | Reached XP level 3. HP: 33/33 MP: 3/3
   432 | D:1      | Reached ** piety under Trog
  1641 | D:2      | Identified the +2 helmet "Gogekkom" {rPois Dex+5}
  1641 | D:2      | Noticed Robin
  1641 | D:2      | Noticed Terence
  1657 | D:1      | Killed Terence
  1658 | D:1      | Reached XP level 4. HP: 20/40 MP: 4/4
  1748 | D:2      | Noticed Sigmund
  1868 | D:2      | Killed Sigmund
  1869 | D:2      | Reached XP level 5. HP: 15/46 MP: 5/5
  1869 | D:2      | Reached XP level 6. HP: 17/52 MP: 6/6
  2801 | D:2      | Killed Robin
  3042 | D:3      | Noticed Ijyb
  3128 | D:3      | Killed Ijyb
  3234 | D:3      | Found Huxyahes's Weapon Boutique.
  3721 | D:3      | Reached *** piety under Trog
  3727 | D:3      | Reached skill level 10 in Axes
  3727 | D:3      | Reached XP level 7. HP: 43/58 MP: 7/7
  4811 | D:5      | Entered Level 5 of the Dungeon
  4813 | D:5      | Identified a scroll of acquirement
  4813 | D:5      | Acquired an amulet of reflection
  4886 | D:5      | Found a radiant altar of Vehumet.
  4968 | D:5      | Noticed Grinder
  4978 | D:5      | Killed Grinder
  5104 | D:5      | Reached XP level 8. HP: 63/66 MP: 8/8
  5181 | D:5      | Found a runed translucent door.
  5182 | D:5      | Found a runed translucent door.
  5380 | D:5      | Reached **** piety under Trog
  5457 | D:5      | Noticed Prince Ribbit
  5474 | D:5      | Killed Prince Ribbit
  5475 | D:5      | Reached XP level 9. HP: 71/71 MP: 9/9
  5611 | D:5      | Found a snail-covered altar of Cheibriados.
  5623 | D:5      | Reached skill level 15 in Axes
  5888 | D:6      | Found a burning altar of Makhleb.
  5920 | D:6      | Found a white marble altar of Elyvilon.
  5989 | D:6      | Reached skill level 4 in Fighting
  6070 | D:6      | Reached skill level 1 in Throwing
  6500 | D:6      | Found a staircase to the Ecumenical Temple.
  6507 | Temple   | Entered the Ecumenical Temple
  7141 | D:7      | Reached skill level 5 in Fighting
  7153 | D:7      | Noticed Joseph
  7169 | D:7      | Killed Joseph
  7273 | D:7      | Reached skill level 5 in Armour
  7273 | D:7      | Reached XP level 10. HP: 75/81 MP: 10/10
  7476 | D:7      | Reached skill level 1 in Evocations
  8004 | D:8      | Noticed Pikel
  8228 | D:8      | Found an ornate altar of the Wu Jian Council.
  8233 | D:8      | Found a stormy altar of Qazlal.
  8264 | D:7      | Killed Pikel
  8546 | D:8      | Reached skill level 6 in Fighting
  8655 | D:8      | Found a staircase to the Lair.
  8894 | D:9      | Noticed Erolcha
  8955 | D:9      | Noticed a cyclops
  8964 | D:9      | Killed a cyclops
  9065 | D:9      | Killed Erolcha
  9066 | D:9      | Reached skill level 7 in Fighting
  9066 | D:9      | Reached XP level 11. HP: 13/92 MP: 11/11
  9337 | D:9      | Found an iron altar of Okawaru.
  9444 | D:9      | Reached ***** piety under Trog
  9649 | D:9      | Noticed Maurice
  9723 | D:9      | Killed Maurice
  9724 | D:9      | Reached skill level 8 in Fighting
  9964 | D:10     | Entered Level 10 of the Dungeon
 10107 | D:10     | Noticed a two-headed ogre
 10117 | D:10     | Killed a two-headed ogre
 10664 | D:11     | Reached skill level 9 in Fighting
 10689 | D:11     | Noticed a manticore
 10701 | D:11     | Killed a manticore
 10736 | D:11     | Noticed a cyclops
 10752 | D:11     | Killed a cyclops
 10753 | D:11     | Reached skill level 5 in Dodging
 10947 | D:11     | Reached skill level 10 in Fighting
 11194 | D:11     | Identified the +2 falchion "Newtbane" {freeze, rElec
                  | Will++}
 11258 | D:11     | Found a staircase to the Orcish Mines.
 11446 | D:12     | Reached XP level 12. HP: 85/106 MP: 12/12
 11464 | D:12     | Found Onocuneu's Assorted Antiques.
 11521 | D:12     | Noticed a boulder beetle
 11540 | D:12     | Killed a boulder beetle
 11939 | D:12     | Found Bivuvot's Armour Boutique.
 12183 | D:12     | Noticed a boulder beetle
 12207 | D:12     | Killed a boulder beetle
 12340 | D:12     | Noticed a boulder beetle
 12356 | D:12     | Reached skill level 10 in Armour
 12372 | D:12     | Killed a boulder beetle
 12674 | Lair:1   | Entered Level 1 of the Lair of Beasts
 13164 | Lair:1   | Noticed an eight-headed hydra
 13173 | Lair:1   | Killed an eight-headed hydra
 13542 | Lair:1   | Noticed Urug
 13551 | Lair:1   | Killed Urug
 13701 | Lair:1   | Noticed Harold
 13725 | Lair:1   | Killed Harold
 13725 | Lair:1   | Received a gift from Trog
 14367 | Lair:2   | Found a frozen archway.
 14390 | Lair:2   | Reached skill level 11 in Fighting
 14403 | IceCv    | Entered an ice cave
 14434 | IceCv    | Reached XP level 13. HP: 109/116 MP: 13/13
 15079 | IceCv    | Reached skill level 5 in Evocations
 15088 | IceCv    | Reached skill level 12 in Fighting
 15088 | IceCv    | Reached skill level 5 in Throwing
 15365 | IceCv    | Noticed a frost giant
 15388 | IceCv    | Killed a frost giant
 15395 | IceCv    | Reached skill level 13 in Fighting
 15549 | Lair:2   | Noticed Gastronok
 15563 | Lair:2   | Killed Gastronok
 15759 | Lair:2   | Found a hole to the Spider Nest.
 16202 | Lair:2   | Found a staircase to the Shoals.
 17010 | Lair:3   | Reached ****** piety under Trog
 17065 | Lair:3   | Received a gift from Trog
 17132 | Lair:3   | Reached XP level 14. HP: 130/130 MP: 14/14
 17146 | Lair:3   | Reached skill level 10 in Dodging
 17437 | Lair:3   | Reached skill level 14 in Fighting
 18458 | Lair:4   | Found a viscous altar of Jiyva.
 18459 | Lair:4   | Found a staircase to the Slime Pits.
 20050 | Lair:4   | Reached skill level 15 in Fighting
 20066 | Lair:4   | Reached XP level 15. HP: 74/141 MP: 15/15
 20414 | Lair:5   | Entered Level 5 of the Lair of Beasts
 20492 | Lair:5   | Received a gift from Trog
 20836 | Lair:5   | Found a snail-covered altar of Cheibriados.
 20931 | Lair:5   | Identified the ring of Lugonu's Anger {MP+9 Dex+6}
 22632 | Orc:1    | Entered Level 1 of the Orcish Mines
 22973 | Orc:2    | Entered Level 2 of the Orcish Mines
 23236 | Orc:2    | Found a staircase to the Elven Halls.
 23306 | Orc:2    | Identified the +7 battleaxe of Welfare {flame, rF+++ rCorr
                  | MP-9 Stlth-} (Trog gifted it to you on level 2 of the
                  | Orcish Mines)
 23306 | Orc:2    | Received a gift from Trog
 23657 | Orc:2    | Found Daydghosa's Assorted Antiques.
 23657 | Orc:2    | Found Voppinne's General Store.
 23662 | Orc:2    | Found Myeduul's Antique Weapon Shoppe.
 23662 | Orc:2    | Found Puptelyn's Weapon Shop.
 24080 | D:12     | Received a gift from Trog
 25095 | D:13     | Noticed a storm dragon
 25109 | D:13     | Killed a storm dragon
 25238 | D:13     | Reached XP level 16. HP: 69/149 MP: 7/16
 25804 | D:13     | Identified the +1 great mace "Fauf" {pain, rC- Will++ MP+9
                  | Dex+3}
 25971 | D:13     | HP: 6/149 [vault guard/+3 battleaxe of venom (23)]
 25984 | D:13     | Paralysed by a floating eye for 3 turns
 26400 | D:13     | Found a gate to the Vaults.
 26537 | D:13     | Found the +9 sword of Power {lifebolt}
 26601 | D:13     | Noticed an acid blob
 26611 | D:13     | an acid blob changed into an iron giant
 26611 | D:13     | Noticed an iron giant (glowing shapeshifter)
 26615 | D:13     | an iron giant changed into a caustic shrike
 26615 | D:13     | Noticed a caustic shrike (glowing shapeshifter)
 26624 | D:13     | a caustic shrike changed into an iron dragon
 27423 | D:14     | Found a gateway to a bazaar.
 27462 | Bazaar   | Entered a bazaar
 27466 | Bazaar   | Found Foc Qest's Antique Armour Boutique.
 27477 | Bazaar   | Found Ronin's General Store.
 27485 | Bazaar   | Found Xanau's Magic Scroll Shoppe.
 27493 | Bazaar   | Bought a scroll of silence for 95 gold pieces
 27493 | Bazaar   | Bought a scroll of teleportation for 30 gold pieces
 27493 | Bazaar   | Bought a scroll of immolation for 40 gold pieces
 27493 | Bazaar   | Bought a scroll of teleportation for 30 gold pieces
 27496 | Bazaar   | Found Pibluc's Jewellery Boutique.
 27507 | Bazaar   | Found Aclah's Antique Weapon Emporium.
 27539 | Bazaar   | Bought a scroll of summoning for 142 gold pieces
 27850 | D:14     | Noticed Roxanne
 27872 | D:14     | Killed Roxanne
 28486 | D:15     | Entered Level 15 of the Dungeon
 28692 | D:15     | Received a gift from Trog
 28727 | D:15     | Found a staircase to the Depths.
 28825 | D:15     | Reached skill level 15 in Armour
 29046 | D:15     | Noticed Josephine
 29075 | D:15     | Killed Josephine
 29314 | D:15     | Found a shimmering blue altar of Sif Muna.
 29576 | Spider:1 | Entered Level 1 of the Spider Nest
 30307 | Spider:1 | Reached XP level 17. HP: 158/158 MP: 8/17
 30315 | Spider:1 | Reached skill level 16 in Fighting
 30816 | Spider:2 | Received a gift from Trog
 31773 | Spider:2 | Reached skill level 17 in Fighting
 32518 | Spider:3 | Received a gift from Trog
 33384 | Spider:4 | Entered Level 4 of the Spider Nest
 33397 | Spider:3 | Reached skill level 18 in Fighting
 33635 | Spider:4 | Noticed Arachne
 33647 | Spider:4 | Killed Arachne
 34825 | Spider:4 | Noticed Donald
 34835 | Spider:4 | Killed Donald
 35039 | Spider:4 | Reached skill level 19 in Fighting
 35925 | Spider:4 | Received a gift from Trog
 35942 | Spider:4 | Reached XP level 18. HP: 170/178 MP: 9/18
 36054 | Spider:4 | Reached skill level 20 in Fighting
 37077 | Spider:4 | Got a gossamer rune of Zot
 37383 | Shoals:1 | Entered Level 1 of the Shoals
 37965 | Shoals:1 | Received a gift from Trog
 38017 | Shoals:1 | Noticed Aizul
 38031 | Shoals:1 | Killed Aizul
 38638 | Shoals:1 | Noticed Louise
 38656 | Shoals:1 | Killed Louise
 39089 | Shoals:2 | Noticed Nikola
 39097 | Shoals:2 | Killed Nikola
 39592 | Shoals:2 | Reached skill level 15 in Dodging
 40052 | Shoals:2 | Received a gift from Trog
 40231 | Shoals:3 | Found Jiqiat's Magic Scroll Emporium.
 40236 | Shoals:3 | Bought a scroll of poison for 68 gold pieces
 40236 | Shoals:3 | Bought a scroll of poison for 68 gold pieces
 40236 | Shoals:3 | Bought a scroll of enchant weapon for 127 gold pieces
 40245 | Shoals:3 | Noticed Aral's ghost (adept MiBe)
 40247 | Shoals:3 | Found a runed translucent door.
 40888 | Shoals:3 | Noticed Jorgrun
 40975 | Shoals:3 | Killed Jorgrun
 41200 | Shoals:3 | Noticed Ilsuiw
 41236 | Shoals:3 | Reached XP level 19. HP: 178/187 MP: 10/19
 41254 | Shoals:3 | Killed Ilsuiw
 42155 | Shoals:4 | Entered Level 4 of the Shoals
 42746 | Shoals:4 | Identified the +2 war axe of Tyer {heavy, Dex+3 Stlth+}
                  | (Trog gifted it to you on level 4 of the Shoals)
 42746 | Shoals:4 | Received a gift from Trog
 44285 | Shoals:4 | Reached skill level 21 in Fighting
 44461 | Shoals:4 | Got a barnacled rune of Zot
 44863 | Elf:1    | Entered Level 1 of the Elven Halls
 45195 | Elf:1    | Received a gift from Trog
 45699 | Elf:1    | Found a portal to a secret trove of treasure.
 46329 | Elf:2    | Received a gift from Trog
 46412 | Elf:2    | Found a crumbling gateway.
 46418 | Elf:2    | Paralysed by an air elemental for 1 turns
 46424 | Elf:2    | Paralysed by an air elemental for 1 turns
 46435 | Desolati | Entered the Desolation of Salt
 46533 | Desolati | Reached XP level 20. HP: 191/198 MP: 11/20
 46762 | Desolati | Received a gift from Trog
 47043 | Desolati | Reached skill level 22 in Fighting
 47198 | Desolati | Identified the ring "Kegor" {rF+ rN+ Will++ Dex-4 SInv}
 47200 | Desolati | Identified the ring "Ulug" {rC+ Int+2}
 47382 | Desolati | Identified the +3 battleaxe of Voracious Defence {drain,
                  | rElec rPois rF+}
 47389 | Desolati | Identified the amulet of the Meadowlark {Spirit Int+2}
 47391 | Desolati | Identified the amulet "Ahaub" {Faith Fragile rF+ rC+}
 48048 | Elf:2    | Reached skill level 10 in Evocations
 48096 | Elf:2    | Found a runed translucent gate.
 48097 | Elf:2    | Found a runed translucent gate.
 48097 | Elf:2    | Found a runed translucent gate.
 48231 | Elf:2    | Found Ryhes's Assorted Antiques.
 48253 | Elf:2    | Bought 2 potions of heal wounds for 300 gold pieces
 48373 | Elf:2    | Reached skill level 10 in Throwing
 49137 | Elf:2    | Identified the +12 battleaxe of the Mouth {flame, Str+2}
                  | (Trog gifted it to you on level 2 of the Elven Halls)
 49137 | Elf:2    | Received a gift from Trog
 49378 | Elf:2    | Noticed Saint Roka
 49891 | Elf:2    | Killed Saint Roka
 50013 | Elf:3    | Entered Level 3 of the Elven Halls
 50462 | Elf:3    | Paralysed by an air elemental for 1 turns
 50849 | Elf:3    | Reached skill level 23 in Fighting
 50865 | Elf:3    | Received a gift from Trog
 51777 | Elf:3    | Noticed a Brimstone Fiend
 52360 | Elf:3    | Identified the +3 short sword "Ohaenwiwn" {pain, rN+ MP-9
                  | Str+2}
 52385 | Elf:3    | Reached XP level 21. HP: 150/211 MP: 21/21
 53164 | Elf:3    | Identified the +3 plate armour of Disguise {Rampage +Inv
                  | Str-3 Dex+7}
 53444 | Elf:3    | Identified the +1 plate armour "Oschuq" {+Blink Str-3 SInv}
 53672 | Elf:3    | Identified the staff of cold "Pipleir" {rPois rC+ MP+9
                  | Int-5}
 54217 | Vaults:1 | Entered Level 1 of the Vaults
 54981 | Vaults:1 | Reached skill level 24 in Fighting
 55241 | Vaults:1 | Identified the +2 helmet "Bayjozif" {*Slow rPois rC+}
 55325 | Vaults:1 | Found Dokhager's Weapon Shoppe.
 55856 | Vaults:2 | Found a staircase to the Crypt.
 56211 | Vaults:2 | Received a gift from Trog
 56870 | Vaults:2 | Identified the +2 robe of Resonance {rN+ Str+4 Slay+3}
 57478 | Vaults:3 | Reached skill level 25 in Fighting
 57504 | Vaults:3 | Reached XP level 22. HP: 226/226 MP: 22/22
 57515 | Vaults:3 | Received a gift from Trog
 58152 | Vaults:3 | Noticed Asterion
 58157 | Vaults:3 | Killed Asterion
 58529 | Vaults:3 | Identified the staff of cold "Toapit" {rC+ Int+3 SInv}
 58714 | Vaults:3 | Noticed Margery
 58740 | Abyss:2  | Cast into level 2 of the Abyss (hell knight)
 58790 | Abyss:3  | Found a corrupted altar of Lugonu.
 58847 | Abyss:3  | Received a gift from Trog
 58870 | Abyss:3  | Got an abyssal rune of Zot
 59062 | Abyss:3  | Reached skill level 26 in Fighting
 59068 | Vaults:3 | Escaped the Abyss
 59566 | Vaults:3 | Killed Margery
 60561 | Vaults:4 | Found a runed translucent gate.
 60561 | Vaults:4 | Found a runed translucent gate.
 60561 | Vaults:4 | Found a runed translucent gate.
 60562 | Vaults:4 | Noticed theMacoje's ghost (adept OgEn)
 60609 | Vaults:4 | Noticed Bai Suzhen
 60623 | Vaults:4 | Killed Bai Suzhen
 60638 | Vaults:4 | Received a gift from Trog
 61363 | Vaults:4 | Reached skill level 27 in Fighting
 61713 | Vaults:4 | Reached XP level 23. HP: 190/240 MP: 23/23
 62510 | Depths:1 | Entered Level 1 of the Depths
 62564 | Depths:1 | Found a gateway to Hell.
 62594 | Depths:1 | Found a transporter.
 62597 | Depths:1 | Noticed a juggernaut
 62618 | Depths:1 | Noticed WeeknightWizard's ghost (veteran DEFE)
 62625 | Depths:1 | Noticed Gucom's ghost (veteran GnFi)
 62646 | Depths:1 | Found a transporter.
 62686 | Depths:1 | Identified the +8 battleaxe of the Pit {heavy, Will+} (Trog
                  | gifted it to you on level 1 of the Depths)
 62686 | Depths:1 | Received a gift from Trog
 63143 | Depths:1 | Noticed Sojobo
 63166 | Depths:1 | Paralysed by an air elemental for 1 turns
 63183 | Depths:1 | Killed Sojobo
 63902 | Depths:2 | Found Tievvilaal's Antique Weapon Shop.
 63936 | Depths:2 | Found a hazy altar of Hepliaklqana.
 64195 | Depths:2 | Found a runed translucent door.
 64196 | Depths:2 | Noticed Areriun's ghost (adept GnWn)
 64243 | Depths:2 | Noticed a golden dragon
 64257 | Depths:2 | Killed a golden dragon
 64358 | Depths:2 | Found Toew's Distillery.
 64361 | Depths:2 | Noticed a juggernaut
 64527 | Depths:2 | Killed a juggernaut
 64545 | Depths:2 | Noticed a caustic shrike
 64553 | Depths:2 | Killed a caustic shrike
 64564 | Depths:2 | Received a gift from Trog
 64573 | Depths:2 | Identified the +9 great mace "Zieli" {freeze, rC- Will+
                  | Dex+2 Stlth+}
 64593 | Depths:2 | Noticed Vv
 65077 | Depths:2 | Killed Vv
 65455 | Depths:2 | Identified the +7 shortbow "Odunnyn" {speed, rF+ Dex+4}
 66066 | Depths:2 | Found a one-way gate leading to the halls of Pandemonium.
 66217 | Depths:2 | Received a gift from Trog
 66979 | Depths:3 | Noticed Mara
 66985 | Depths:3 | Noticed Gorgoleon's illusion
 67291 | Depths:3 | Noticed Gorgoleon's illusion
 67305 | Depths:3 | Killed Mara
 67318 | Depths:3 | Noticed Parghit
 67489 | Depths:3 | Killed Parghit
 67623 | Depths:3 | Found a one-way gateway to a ziggurat.
 68138 | Depths:3 | Reached XP level 24. HP: 181/249 MP: 23/23
 68486 | Depths:3 | Found a bloodstained altar of Trog.
 68579 | Depths:3 | Found a one-way gate to the infinite horrors of the Abyss.
 68774 | Depths:3 | Found the ring of Shadows {Umbra +Inv Stlth+}
 69007 | Depths:4 | Entered Level 4 of the Depths
 69560 | Depths:4 | Noticed a juggernaut
 69573 | Depths:4 | Killed a juggernaut
 69735 | Depths:4 | Found a gate to the Realm of Zot.
 69872 | Depths:4 | Hit by a large rock thrown by a stone giant

Illustrated notes

Levels and vault maps discovered:
D:1:      spicycebolla_arrival_ecumenical, layout_basic, minmay_close_crescents
D:2:      layout_rooms, amethyst_killhole, uniq_robin, uniq_sigmund,
          uniq_terence
D:3:      layout_rooms, serial_shops, shop_statue, chequers_big_river,
          nicolae_goblin_pals
D:4:      layout_cave_pods
D:5:      lemuel_insect_pit, layout_basic, slow_altar_2, general_overflow_altar,
          minmay_holes, uniq_grinder, uniq_prince_ribbit1
D:6:      layout_cave_pools, bloody_makhleb, elyvilon_altar_1,
          minmay_temple_entry_junction, serial_bayou, serial_bayou_shore_a,
          serial_bayou_pond_b, serial_bayou_shore_b, serial_bayou_pond_d,
          serial_bayou_pond_c
D:7:      layout_loops_ring, sigmund_army, uniq_joseph
D:8:      layout_cave_pools, mainiacjoe_overflow_big_doors, david_lair_shrubbed,
          uniq_pikel
D:9:      layout_basic, mainiacjoe_overflow_brackets, uniq_maurice, uniq_erolcha
D:10:     layout_cave_pools, minmay_misc_feat_pillars
D:11:     layout_roguey, david_orc_3
D:12:     layout_roguey, serial_shops, nicolae_shop_just_a_little_nook,
          nicolae_shop_peninsula
D:13:     minmay_guarded_unrand_sword_of_power, layout_cave_pools,
          grunt_vaults_entry_tiered, hangedman_fish_farm
D:14:     layout_loops_ring, serial_shops, bzr_entry_gold, minmay_door_square,
          uniq_roxanne
D:15:     grunt_enter_depths_magical_seal, layout_basic, lemuel_blue_sif_altar,
          uniq_josephine
Temple:   hellmonk_temple_two_chambers
Lair:1:   cheibrodos_lair_river_kwai, layout_cave_pods, serial_bayou_shore_b,
          uniq_urug, uniq_harold
Lair:2:   layout_concentric_octagons, minmay_shoals_entry_hut,
          spider_nest_entry_webs, portal_ice_cave_entry_imps, uniq_gastronok
Lair:3:   layout_hall_layers, grunt_megastairs_5
Lair:4:   nzn_winding_woodlands_huge [nzn_winding_woodlands_5x15_sawtooth,
          nzn_winding_woodlands_5x15_lazy_stream,
          nzn_winding_woodlands_5x15_default, nzn_winding_woodlands_5x15_pool,
          nzn_winding_woodlands_5x15_river_crossing,
          nzn_winding_woodlands_5x15_twine, nzn_winding_woodlands_5x15_cabin,
          nzn_winding_woodlands_5x15_concentric,
          nzn_winding_woodlands_5x15_crooked, nzn_winding_woodlands_5x15_zeroes,
          nzn_winding_woodlands_center_lodge,
          nzn_winding_woodlands_center_triple_pond,
          nzn_winding_woodlands_15x15_thick_spiral], layout_regular_city,
          slime_entry_1, serial_bayou_ford_a
Lair:5:   grunt_lair_end_beastmaster, layout_layer_cave,
          kennysheep_snail_temple, infiniplex_staircase_pool
Shoals:1: cheibrodos_shoals_roost, layout_shoals, uniq_louise, uniq_aizul
Shoals:2: layout_shoals, uniq_nikola
Shoals:3: layout_shoals, hellmonk_ghost_happy_afterlife, serial_shops,
          nicolae_shop_rolling_square, uniq_jorgrun, uniq_ilsuiw
Shoals:4: shoals_end_hellmonk_lost_city
Spider:1: layout_spider_delve
Spider:2: layout_spider_delve
Spider:3: layout_spider_delve
Spider:4: spider_rune_water, nicolae_orb_island, uniq_arachne, uniq_donald
Orc:1:    layout_diamond_mine
Orc:2:    grunt_orc_tribal_feast, layout_diamond_mine
Elf:1:    eino_elf_arrival_shootout, layout_loops_ring, enter_trove_3,
          minmay_elf_demonology
Elf:2:    nicolae_elf_blades_crystal_corner, layout_geoelf_octagon,
          serial_shops, nicolae_shop_crystal,
          portal_desolation_entry_nicolae_slug, drop_trap, uniq_saint_roka
Elf:3:    elf_hall_gauntlet_narrow, layout_geoelf_octagon, grunt_ministairs_9,
          lemuel_flamethrower_1
Vaults:1: nicolae_vaults_trapezoid_2, ontoclasm_vaults_ligature,
          nicolae_vaults_house_2, hangedman_vaults_locks,
          nicolae_vaults_storage_room_water, nicolae_vaults_house_2, st_squares,
          nicolae_vaults_closet_pinwheel_4, v_pattern_4, v_misc_18,
          vaults_dpeg_encased_lava, vaults_standard_mumra_lines,
          ontoclasm_vaults_misaligned, ontoclasm_vaults_misaligned,
          layout_vaults_maze, serial_shops, shop_fountains
Vaults:2: minmay_crypt_entry_simple_round, nicolae_vaults_octothorpe,
          nicolae_vaults_storage_closets_2, v_misc_25,
          nicolae_vaults_storage_room_glass, dpeg_vaults_hating_casters,
          nicolae_vaults_three_branches, vaults_dpeg_ring,
          layout_vaults_omnigrid
Vaults:3: vaults_room_hallway, nicolae_vaults_tangent_ellipses,
          grunt_vaults_diagonal, nicolae_vaults_little_squares_6,
          nicolae_vaults_what_the_h, vaults_dpeg_cross,
          nicolae_vaults_apartment_2, v_misc_5, nicolae_vaults_trapezoid_4,
          layout_vaults_big_cross, uniq_asterion, uniq_margery
Vaults:4: gammafunk_ghost_spectres, nicolae_vaults_tetromino_L_1, v_pattern_5,
          v_misc_23, nicolae_vaults_shipping_containers_5,
          hangedman_vaults_impose, v_misc_13, nicolae_vaults_frosty_reception,
          v_alt_pattern_3, vaults_mumra_minichess_inversion,
          vaults_mumra_minichess, ontoclasm_vaults_chip, layout_vaults_ring,
          uniq_bai_suzhen
Depths:1: layout_gridlike, minmay_misc_feat_plants, nzn_ghost_randoct,
          hell_entry, minmay_misc_feat_hallway, serial_sigils_hangedman_leer,
          kennysheep_generic_room_11, uniq_sojobo
Depths:2: minmay_the_grid_octo_tiled_octocenter_mashed
          [minmay_the_grid_octo_empty, minmay_the_grid_octo_empty,
          minmay_the_grid_octo_thin_diamonds,
          minmay_the_grid_octo_checkerflower,
          minmay_the_grid_octo_prize_square_snowflake,
          minmay_the_grid_square_5x5_bite,
          minmay_the_grid_square_5x5_two_walls_b,
          minmay_the_grid_square_5x5_mess,
          minmay_the_grid_square_5x5_minivault], layout_gridlike,
          grunt_pan_entry_in_and_out, serial_shops,
          nicolae_shop_tiny_waterfront, nicolae_shop_just_a_little_nook,
          ebering_ghost_inner_flame, hell_entry, nzn_hepliaklqana_mist_gate,
          uniq_vv
Depths:3: minmay_isolated_rectangles_in_corner, layout_basic, enter_ziggurat_d,
          grunt_hell_entry_dis_grunt, nicolae_elevator_lobby_plus,
          hangedman_abyss_entry_splay, kennysheep_small_circle, uniq_mara,
          uniq_parghit
Depths:4: grunt_zot_entry_funnels, layout_small_grid, hell_entry,
          roderic_lattice_octagonal_star

Skill      XL: |  1  2  3  4  5  6  7  8  9 10 11 12 13 14 15 16 17 18 19 20 21 22 23 |
---------------+----------------------------------------------------------------------+-----
Axes           | 5 6 8 10 12 14 16 17 19 20 | 20.0
Fighting       | 5 7 10 11 13 15 19 20 21 23 25 27 | 27.0
Throwing       | 2 3 4 5 6 7 8 9 10 11 12 | 12.0
Dodging        | 2 4 6 8 9 10 11 12 15 16 17 20 | 20.8
Armour         | 5 7 9 10 11 12 15 16 17 | 17.0
Evocations     | 2 4 5 7 8 9 10 11 12 | 12.0

Action                     |  1- 3 |  4- 6 |  7- 9 | 10-12 | 13-15 | 16-18 | 19-21 | 22-24 || total
---------------------------+-------+-------+-------+-------+-------+-------+-------+-------++-------
  Melee: Hand axe          |   117 |   177 |    84 |       |       |       |       |       ||   378
         Punch             |     1 |     3 |     5 |     7 |     5 |       |       |       ||    21
         War axe           |       |       |   229 |   690 |   253 |       |       |       ||  1172
         Whip              |       |       |       |     5 |       |       |       |       ||     5
         Battleaxe         |       |       |       |       |   910 |  1302 |  1379 |  1100 ||  4691
         Glaive            |       |       |       |       |    34 |       |       |       ||    34
         Unarmed           |       |       |       |       |       |    27 |       |       ||    27
  Throw: Stone             |       |       |       |       |     1 |     3 |       |       ||     4
         Dart              |       |       |       |       |     1 |     3 |     2 |       ||     6
         Boomerang         |       |       |       |       |       |    69 |    41 |    17 ||   127
 Invoke: Berserk           |     1 |     3 |     3 |     3 |     6 |     8 |     6 |    10 ||    40
         Trog's Hand       |       |       |       |     1 |     1 |     6 |     4 |     5 ||    17
  Evoke: Wand              |       |       |       |     2 |       |     1 |       |       ||     3
    Use: Scroll            |       |       |    18 |    15 |     4 |    19 |     3 |     7 ||    66
         Potion            |       |       |       |     1 |     2 |     9 |     6 |     7 ||    25
   Stab: Distracted        |     1 |       |       |       |       |       |       |       ||     1
         Sleeping          |     1 |       |       |       |       |       |       |       ||     1
 Armour: Animal skin       |    17 |     8 |       |       |       |       |       |       ||    25
         Ring mail         |       |    35 |    57 |   150 |   269 |       |       |       ||   511
         Plate armour      |       |       |       |       |    88 |       |       |       ||    88
         Storm dragon scal |       |       |       |       |       |   421 |   490 |   449 ||  1360
         Skin              |       |       |       |       |       |     6 |       |       ||     6
  Dodge: Dodged            |    73 |    92 |   138 |   446 |   734 |   926 |   810 |   524 ||  3743
  Block: Other             |       |       |    39 |   122 |   212 |   231 |   219 |   163 ||   986
         Reflection        |       |       |     3 |     7 |     6 |    17 |    34 |     5 ||    72
